AoeStats
← KRISH_95

Hideout

509539856Analyzed
1v1 RM · 6d ago on Sep 27, 2026· 46m 53s· 2 players
Game mode
Random Map
Map size
Tiny (2 player)
Population
200
Speed
Normal
Resources
Standard
Victory
Conquest
Starting age
Dark Age
Ending age
Imperial Age
RankedLock teamsTeams togetherTeam positionsShared explorationLock speedFull tech treeHidden civsTurbo modeCheats
Victory
Defeat
🇮🇳 Magyars · India
1024
+15
🇲🇽 Celts · Mexico
994
-15
MellowToaster85
10:00 Feudal Age
11:29 Loom
12:38 Wheelbarrow
12:56 Double-Bit Axe
12:56 Horse Collar
18:16 Castle Age
16:55 Gold Mining
18:18 Forging
18:08 Scale Mail Armor
17:58 Fletching
20:22 Pikeman
21:47 Chain Mail Armor
23:20 Town Watch
24:40 Iron Casting
31:14 Imperial Age
30:08 Stone Mining
30:32 Bow Saw
30:23 Heavy Plow
30:20 Fletching
31:33 Stone Shaft Mining
32:57 Blast Furnace
32:42 Gold Shaft Mining
33:45 Hand Cart
33:52 Halberdier
35:35 Town Patrol
37:39 Heavy Scorpion
38:23 Elite Skirmisher
39:35 Plate Mail Armor
39:01 Bodkin Arrow
39:07 Padded Archer Armor
40:50 Ballistics
41:31 Chemistry
40:16 Arrowslits
40:28 Murder Holes
41:32 Fortified Wall
41:33 Masonry
42:33 Furor Celtica
43:24 Siege Engineers
45:40 Scale Barding Armor
KRISH_95
11:49 Feudal Age
11:47 Loom
13:17 Double-Bit Axe
16:06 Castle Age
14:34 Horse Collar
17:39 Heavy Plow
17:51 Bow Saw
22:21 Wheelbarrow
23:35 Fletching
24:46 Hand Cart
25:36 Scale Barding Armor
25:26 Bodkin Arrow
31:09 Imperial Age
29:53 Ballistics
30:35 Thumb Ring
30:24 Town Watch
32:49 Bloodlines
33:50 Chemistry
34:03 Parthian Tactics
34:13 Husbandry
33:34 Light Cavalry
35:44 Heavy Cavalry Archer
40:48 Masonry
40:05 Onager
41:07 Bracer
41:27 Chain Barding Armor
41:09 Padded Archer Armor
45:26 Plate Barding Armor
Connection lost

Rejoining the realm…

Still unreachable

The connection could not be restored.

Session expired

The server has moved on; the page needs a fresh start.